[ AOE2 MATCH · #472093396 ]
UnrankedPersians vs Italians
[ REPLAY ANALYSIS · EXTRACTED FROM THE RECORDED GAME ]
Feudal
10:24
Castle
13:39
Imperial
27:22
| APM avg | 45.8 |
| APM peak | 92 |
| eAPM avg | 33.0 |
| Villagers / military | 183 / 843 |
Focus
⚔️ 44.9% · 🌾 55.1%
War Elephant ×343 · Knight ×294 · Trade Cart ×117 · Camel Scout ×104 · Battering Ram ×57 · Hand Cannoneer ×23
Feudal
11:30
Castle
15:28
Imperial
32:38
| APM avg | 39.5 |
| APM peak | 73 |
| eAPM avg | 31.3 |
| Villagers / military | 180 / 787 |
Focus
⚔️ 58.2% · 🌾 41.8%
Knight ×313 · Trade Cart ×121 · Skirmisher ×89 · Bombard Cannon ×80 · Camel Scout ×66 · Archer ×64
Feudal
11:25
Castle
15:47
Imperial
36:19
| APM avg | 31.7 |
| APM peak | 65 |
| eAPM avg | 13.7 |
| Villagers / military | 121 / 541 |
Focus
⚔️ 51.1% · 🌾 48.9%
Cavalry Archer ×270 · Mangudai ×105 · Battering Ram ×65 · Spearman ×52 · Scout Cavalry ×45 · Trade Cart ×38
Feudal
11:38
Castle
16:58
Imperial
34:08
| APM avg | 37.6 |
| APM peak | 76 |
| eAPM avg | 25.0 |
| Villagers / military | 164 / 1203 |
Focus
⚔️ 27.6% · 🌾 72.4%
Huskarl ×867 · Spearman ×134 · Battering Ram ×122 · Trade Cart ×91 · Archer ×28 · Bombard Cannon ×20
Feudal
10:32
Castle
14:08
Imperial
29:41
| APM avg | 35.5 |
| APM peak | 71 |
| eAPM avg | 28.8 |
| Villagers / military | 187 / 1546 |
Focus
⚔️ 56.7% · 🌾 43.3%
Knight ×998 · Cavalry Archer ×204 · Magyar Huszar ×155 · Scout Cavalry ×141 · Trade Cart ×101 · Trebuchet (Packed) ×48
Feudal
—
Castle
—
Imperial
—
| APM avg | 1458.5 |
| APM peak | 9045 |
| eAPM avg | 1457.3 |
| Villagers / military | 0 / 2778 |
Focus
⚔️ 60.1% · 🌾 39.9%
Genoese Crossbowman ×1114 · Spearman ×896 · Scout Cavalry ×295 · Battering Ram ×228 · Bombard Cannon ×125 · Trebuchet (Packed) ×45
Feudal
—
Castle
—
Imperial
—
| APM avg | 1098.9 |
| APM peak | 4777 |
| eAPM avg | 1097.5 |
| Villagers / military | 0 / 1179 |
Focus
⚔️ 43.1% · 🌾 56.9%
Spearman ×772 · Unknown (1959) ×759 · Scout Cavalry ×209 · Battering Ram ×145 · Mangonel ×22 · Skirmisher ×18
Feudal
—
Castle
—
Imperial
—
| APM avg | 1458.9 |
| APM peak | 10828 |
| eAPM avg | 1457.1 |
| Villagers / military | 0 / 540 |
Focus
⚔️ 52.1% · 🌾 47.9%
Unknown (1949) ×569 · Spearman ×192 · Scout Cavalry ×188 · Archer ×68 · Monk ×36 · Battering Ram ×30
Match map
Initial resources + every placement click. Lines = walls · curves = elevation contours. ◆ gold · ⬟ stone · ● berries · ✦ relic · ◌ wall gap
Your base· ✓ Closed at 13:39 · 14t walls · 2 gate(s)
超級無敵海綿體's base· ✓ Closed at 15:28 · 115t walls · 2 gate(s)
小魚子's base· ✓ Closed at 15:47 · 73t walls · 1 gate(s)
清泉-zdx's base· ✓ Closed at 16:58 · 72t walls · 3 gate(s)
Maiko's base· ✓ Closed at 14:08 · 0t walls · 3 gate(s)
's base· ✓ Closed at 12:00 · 0t walls · 3 gate(s)
's base· ✓ Closed at 12:00 · 0t walls · 2 gate(s)
's base· ✓ Closed at 12:00 · 0t walls · 3 gate(s)
Smoothed initial terrain · ◌ = detected wall gap · hover for details
Inputs per minute
— wxj9966 - - 超級無敵海綿體
Build order — wxj9966
First 150 of 1284 actions detected
| 0:00 | Create | Villager (Male) |
| 0:01 | Create | Villager (Male) |
| 0:01 | Create | Villager (Male) |
| 0:01 | Create | Villager (Male) |
| 0:02 | Build | House |
| 0:04 | Build | House |
| 0:31 | Create | Villager (Male) |
| 1:33 | Create | Villager (Male) |
| 1:41 | Build | Lumber Camp |
| 2:05 | Build | Palisade Wall |
| 2:06 | Build | Palisade Wall |
| 2:07 | Build | Palisade Wall |
| 2:08 | Build | Palisade Wall |
| 2:12 | Build | Palisade Wall |
| 2:17 | Create | Villager (Male) |
| 2:18 | Build | Palisade Wall |
| 2:21 | Build | Palisade Wall |
| 2:28 | Build | Palisade Wall |
| 2:29 | Build | Palisade Wall |
| 2:31 | Create | Villager (Male) |
| 2:33 | Build | Palisade Wall |
| 2:35 | Build | Palisade Wall |
| 2:41 | Build | Palisade Wall |
| 2:44 | Build | Palisade Wall |
| 2:47 | Create | Villager (Male) |
| 2:51 | Build | Palisade Wall |
| 3:01 | Build | House |
| 3:21 | Create | Villager (Male) |
| 3:27 | Build | House |
| 3:49 | Create | Villager (Male) |
| 3:55 | Build | House |
| 4:01 | Create | Villager (Male) |
| 4:41 | Create | Villager (Male) |
| 4:43 | Build | Mill |
| 5:10 | Create | Villager (Male) |
| 5:19 | Create | Villager (Male) |
| 5:38 | Create | Villager (Male) |
| 5:54 | Create | Villager (Male) |
| 6:25 | Create | Villager (Male) |
| 6:57 | Create | Villager (Male) |
| 7:18 | Build | House |
| 7:24 | Create | Villager (Male) |
| 7:54 | Create | Villager (Male) |
| 7:59 | Build | Farm |
| 8:01 | Build | Farm |
| 8:12 | Research | Feudal Age |
| 9:24 | Create | Villager (Male) |
| 9:25 | Create | Villager (Male) |
| 10:24 | Age | Feudal Age |
| 10:27 | Build | Market |
| 10:32 | Build | Blacksmith |
| 10:50 | Research | Double-Bit Axe |
| 11:13 | Research | Castle Age |
| 11:14 | Research | Castle Age |
| 11:19 | Research | Horse Collar |
| 11:23 | Build | House |
| 12:20 | Build | House |
| 12:26 | Build | Farm |
| 12:46 | Build | Farm |
| 13:17 | Create | Villager (Male) |
| 13:39 | Age | Castle Age |
| 13:41 | Build | Town Center |
| 13:49 | Build | Town Center |
| 13:54 | Research | Bow Saw |
| 13:55 | Create | Villager (Male) |
| 14:06 | Build | Farm |
| 14:20 | Create | Villager (Male) |
| 14:23 | Build | Farm |
| 14:36 | Build | Farm |
| 14:41 | Create | Villager (Male) |
| 14:42 | Create | Villager (Male) |
| 14:48 | Create | Villager (Male) |
| 14:53 | Build | Farm |
| 14:59 | Create | Villager (Male) |
| 15:02 | Build | Farm |
| 15:08 | Build | Farm |
| 15:13 | Create | Villager (Male) |
| 15:17 | Create | Villager (Male) |
| 15:20 | Build | Farm |
| 15:33 | Build | Farm |
| 15:35 | Build | Farm |
| 15:37 | Create | Villager (Male) |
| 15:44 | Build | Farm |
| 15:46 | Create | Villager (Male) |
| 15:49 | Build | Farm |
| 15:51 | Build | Farm |
| 16:01 | Create | Villager (Male) |
| 16:08 | Build | Farm |
| 16:10 | Create | Villager (Male) |
| 16:13 | Build | Farm |
| 16:22 | Create | Villager (Male) |
| 16:29 | Build | Farm |
| 16:32 | Create | Villager (Male) |
| 16:36 | Build | Farm |
| 16:43 | Build | House |
| 16:44 | Create | Villager (Male) |
| 16:50 | Create | Villager (Male) |
| 17:00 | Build | Monastery |
| 17:01 | Create | Villager (Male) |
| 17:04 | Build | Farm |
| 17:07 | Create | Villager (Male) |
| 17:14 | Create | Villager (Male) |
| 17:20 | Create | Villager (Male) |
| 17:33 | Create | Villager (Male) |
| 17:38 | Create | Villager (Male) |
| 17:44 | Build | Town Center |
| 17:47 | Create | Villager (Male) |
| 17:49 | Build | Town Center |
| 17:51 | Create | Monk |
| 17:54 | Build | House |
| 17:58 | Research | Town Watch |
| 18:03 | Create | Villager (Male) |
| 18:06 | Create | Villager (Male) |
| 18:09 | Build | Farm |
| 18:10 | Build | Farm |
| 18:14 | Create | Villager (Male) |
| 18:20 | Build | House |
| 18:24 | Create | Villager (Male) |
| 18:35 | Create | Villager (Male) |
| 18:45 | Build | Farm |
| 18:46 | Create | Villager (Male) |
| 18:50 | Build | House |
| 18:52 | Create | Villager (Male) |
| 18:57 | Build | Farm |
| 18:58 | Create | Villager (Male) |
| 19:02 | Create | Villager (Male) |
| 19:09 | Build | Town Center |
| 19:14 | Create | Villager (Male) |
| 19:17 | Create | Villager (Male) |
| 19:25 | Build | House |
| 19:26 | Create | Villager (Male) |
| 19:27 | Create | Villager (Male) |
| 19:34 | Build | Farm |
| 19:35 | Build | Farm |
| 19:36 | Create | Villager (Male) |
| 19:38 | Build | Farm |
| 19:39 | Create | Villager (Male) |
| 19:43 | Create | Villager (Male) |
| 19:53 | Build | Farm |
| 19:54 | Research | Loom |
| 19:55 | Create | Villager (Male) |
| 19:58 | Build | Farm |
| 20:00 | Build | House |
| 20:10 | Build | Farm |
| 20:11 | Create | Villager (Male) |
| 20:16 | Create | Villager (Male) |
| 20:22 | Build | Farm |
| 20:24 | Research | Wheelbarrow |
| 20:25 | Create | Villager (Male) |
| 20:28 | Build | Farm |
Build order — 超級無敵海綿體
First 150 of 1523 actions detected
| 0:03 | Create | Villager (Male) |
| 0:03 | Create | Villager (Male) |
| 0:03 | Create | Villager (Male) |
| 0:04 | Create | Villager (Male) |
| 0:04 | Create | Villager (Male) |
| 0:06 | Build | House |
| 0:07 | Build | House |
| 1:18 | Create | Villager (Male) |
| 1:52 | Build | Lumber Camp |
| 1:56 | Create | Villager (Male) |
| 1:56 | Create | Villager (Male) |
| 2:12 | Create | Villager (Male) |
| 2:12 | Create | Villager (Male) |
| 2:42 | Create | Villager (Male) |
| 2:54 | Create | Villager (Male) |
| 3:17 | Create | Villager (Male) |
| 3:17 | Create | Villager (Male) |
| 3:41 | Create | Villager (Male) |
| 3:44 | Build | House |
| 4:16 | Create | Villager (Male) |
| 4:20 | Create | Villager (Male) |
| 4:32 | Build | Palisade Wall |
| 4:34 | Build | Palisade Wall |
| 5:13 | Build | Mill |
| 5:18 | Build | House |
| 5:24 | Build | Palisade Wall |
| 5:29 | Build | House |
| 5:51 | Build | Palisade Wall |
| 5:52 | Build | Palisade Wall |
| 5:58 | Create | Villager (Male) |
| 5:58 | Create | Villager (Male) |
| 5:58 | Create | Villager (Male) |
| 5:59 | Create | Villager (Male) |
| 6:30 | Create | Villager (Male) |
| 6:30 | Create | Villager (Male) |
| 6:36 | Build | House |
| 7:12 | Build | House |
| 7:21 | Build | Palisade Wall |
| 7:25 | Build | Palisade Wall |
| 7:51 | Create | Villager (Male) |
| 7:51 | Create | Villager (Male) |
| 7:52 | Create | Villager (Male) |
| 7:52 | Create | Villager (Male) |
| 7:52 | Create | Villager (Male) |
| 7:54 | Create | Villager (Male) |
| 8:26 | Create | Villager (Male) |
| 8:27 | Create | Villager (Male) |
| 8:27 | Create | Villager (Male) |
| 9:20 | Research | Feudal Age |
| 9:54 | Build | House |
| 9:58 | Build | House |
| 11:08 | Create | Villager (Male) |
| 11:08 | Create | Villager (Male) |
| 11:08 | Create | Villager (Male) |
| 11:30 | Age | Feudal Age |
| 11:37 | Build | Stone Wall |
| 11:38 | Build | Stone Wall |
| 11:43 | Build | Stone Wall |
| 11:46 | Build | Market |
| 11:55 | Build | Blacksmith |
| 12:25 | Build | Farm |
| 12:26 | Build | Farm |
| 12:48 | Research | Castle Age |
| 12:53 | Build | Lumber Camp |
| 13:06 | Build | Stone Wall |
| 13:11 | Build | Stone Wall |
| 13:15 | Build | Mining Camp |
| 13:31 | Research | Horse Collar |
| 13:53 | Build | Stone Wall |
| 14:24 | Build | Stone Wall |
| 14:40 | Build | Stone Wall |
| 14:55 | Build | Stone Wall |
| 14:58 | Build | Stone Wall |
| 15:14 | Research | Double-Bit Axe |
| 15:19 | Create | Villager (Male) |
| 15:19 | Create | Villager (Male) |
| 15:27 | Build | Stone Wall |
| 15:28 | Age | Castle Age |
| 15:30 | Build | Stone Wall |
| 15:35 | Build | Stone Wall |
| 15:35 | Build | Stone Wall |
| 15:44 | Build | Stone Wall |
| 15:53 | Build | Stone Wall |
| 15:56 | Build | Stone Wall |
| 16:00 | Create | Villager (Male) |
| 16:05 | Build | University |
| 16:15 | Build | Farm |
| 16:17 | Build | Farm |
| 16:25 | Build | Mining Camp |
| 16:48 | Build | Stone Wall |
| 16:52 | Build | Stone Wall |
| 16:58 | Build | Stone Wall |
| 17:03 | Build | Stone Wall |
| 17:06 | Build | Stone Wall |
| 17:15 | Create | Villager (Male) |
| 17:26 | Build | Farm |
| 17:41 | Build | Stone Wall |
| 17:48 | Build | Monastery |
| 17:50 | Create | Villager (Male) |
| 17:53 | Research | Loom |
| 18:27 | Create | Villager (Male) |
| 18:49 | Build | Stone Wall |
| 18:51 | Build | Stone Wall |
| 19:01 | Create | Villager (Male) |
| 19:05 | Build | Stone Wall |
| 19:08 | Research | Treadmill Crane |
| 19:20 | Build | Mining Camp |
| 19:25 | Create | Villager (Male) |
| 19:33 | Create | Monk |
| 19:52 | Build | Stone Wall |
| 20:05 | Build | Stone Wall |
| 20:07 | Build | Stone Wall |
| 20:09 | Create | Villager (Male) |
| 20:09 | Create | Villager (Male) |
| 20:24 | Research | Stone Mining |
| 20:36 | Create | Villager (Male) |
| 20:36 | Create | Villager (Male) |
| 20:47 | Build | House |
| 21:26 | Research | Fortified Wall (upgrade) |
| 21:31 | Create | Villager (Male) |
| 21:31 | Create | Villager (Male) |
| 21:31 | Create | Villager (Male) |
| 21:39 | Build | Town Center |
| 21:43 | Create | Villager (Male) |
| 21:43 | Create | Villager (Male) |
| 21:43 | Create | Villager (Male) |
| 21:55 | Build | Stone Wall |
| 21:57 | Create | Villager (Male) |
| 21:57 | Create | Villager (Male) |
| 22:02 | Build | Stone Wall |
| 22:03 | Build | Stone Wall |
| 22:14 | Build | Mining Camp |
| 22:18 | Create | Villager (Male) |
| 22:19 | Create | Villager (Male) |
| 22:28 | Research | Heavy Plow |
| 22:30 | Create | Villager (Male) |
| 22:43 | Build | House |
| 22:44 | Build | House |
| 22:45 | Build | House |
| 22:54 | Build | Stone Wall |
| 22:58 | Create | Villager (Male) |
| 23:11 | Create | Villager (Male) |
| 23:11 | Create | Villager (Male) |
| 23:28 | Research | Gold Mining |
| 23:38 | Build | Stone Wall |
| 23:40 | Create | Villager (Male) |
| 23:50 | Build | Stone Wall |
| 24:01 | Research | Bow Saw |
| 24:04 | Create | Villager (Male) |
| 24:06 | Build | House |
Build order — 小魚子
First 150 of 661 actions detected
| 0:02 | Create | Villager (Male) |
| 0:02 | Create | Villager (Male) |
| 0:02 | Create | Villager (Male) |
| 0:02 | Create | Villager (Male) |
| 0:08 | Build | House |
| 0:10 | Build | House |
| 1:36 | Create | Villager (Male) |
| 1:36 | Create | Villager (Male) |
| 2:01 | Create | Villager (Male) |
| 2:23 | Build | Lumber Camp |
| 2:33 | Create | Villager (Male) |
| 2:33 | Create | Villager (Male) |
| 2:44 | Build | House |
| 2:45 | Build | House |
| 3:07 | Create | Villager (Male) |
| 3:07 | Create | Villager (Male) |
| 3:49 | Create | Villager (Male) |
| 3:49 | Create | Villager (Male) |
| 4:24 | Create | Villager (Male) |
| 5:27 | Build | Mill |
| 5:30 | Create | Villager (Male) |
| 5:30 | Create | Villager (Male) |
| 5:30 | Create | Villager (Male) |
| 5:30 | Create | Villager (Male) |
| 5:31 | Create | Villager (Male) |
| 6:11 | Create | Villager (Male) |
| 6:11 | Create | Villager (Male) |
| 6:49 | Build | Mining Camp |
| 8:04 | Create | Villager (Male) |
| 8:12 | Build | House |
| 8:25 | Research | Loom |
| 8:26 | Research | Feudal Age |
| 8:27 | Create | Villager (Male) |
| 8:28 | Create | Villager (Male) |
| 8:34 | Build | Mining Camp |
| 9:31 | Build | Farm |
| 11:25 | Age | Feudal Age |
| 11:34 | Build | Stone Wall |
| 11:50 | Build | Stone Wall |
| 12:08 | Build | Market |
| 12:15 | Build | Blacksmith |
| 12:28 | Build | Mining Camp |
| 13:03 | Build | Lumber Camp |
| 13:07 | Research | Castle Age |
| 13:42 | Build | Stone Wall |
| 13:57 | Build | Stone Wall |
| 14:11 | Research | Double-Bit Axe |
| 14:22 | Research | Horse Collar |
| 15:15 | Build | Farm |
| 15:41 | Build | Stone Wall |
| 15:47 | Age | Castle Age |
| 16:09 | Build | Town Center |
| 16:15 | Research | Wheelbarrow |
| 16:18 | Create | Villager (Male) |
| 16:26 | Build | Stone Wall |
| 16:58 | Build | Stone Wall |
| 17:22 | Build | Stone Wall |
| 17:41 | Create | Villager (Male) |
| 17:47 | Build | Farm |
| 17:49 | Build | Farm |
| 17:59 | Build | Farm |
| 18:00 | Build | Farm |
| 18:03 | Build | Farm |
| 18:16 | Build | Stone Wall |
| 18:20 | Create | Villager (Male) |
| 18:30 | Create | Villager (Male) |
| 18:42 | Build | University |
| 18:43 | Build | House |
| 18:57 | Create | Villager (Male) |
| 18:57 | Create | Villager (Male) |
| 19:02 | Create | Villager (Male) |
| 19:02 | Create | Villager (Male) |
| 19:33 | Create | Villager (Male) |
| 19:35 | Create | Villager (Male) |
| 19:55 | Build | Stone Wall |
| 20:02 | Build | House |
| 20:03 | Build | House |
| 20:05 | Build | House |
| 20:07 | Build | House |
| 20:14 | Create | Villager (Male) |
| 20:16 | Create | Villager (Male) |
| 20:19 | Build | Farm |
| 20:34 | Research | Masonry |
| 20:47 | Build | Stone Wall |
| 20:56 | Build | Stone Wall |
| 21:05 | Create | Villager (Male) |
| 21:07 | Create | Villager (Male) |
| 21:12 | Build | Farm |
| 21:16 | Build | Farm |
| 21:21 | Build | Farm |
| 21:24 | Build | Farm |
| 21:37 | Build | Stone Wall |
| 21:49 | Research | Fortified Wall (upgrade) |
| 21:51 | Create | Villager (Male) |
| 21:59 | Build | Farm |
| 22:04 | Create | Villager (Male) |
| 22:10 | Build | House |
| 22:12 | Build | House |
| 22:19 | Create | Villager (Male) |
| 22:29 | Create | Villager (Male) |
| 23:01 | Build | Stone Wall |
| 23:12 | Build | House |
| 23:13 | Build | House |
| 23:18 | Create | Villager (Male) |
| 23:19 | Create | Villager (Male) |
| 23:21 | Create | Villager (Male) |
| 23:21 | Create | Villager (Male) |
| 23:24 | Build | Farm |
| 23:25 | Build | Farm |
| 23:32 | Build | Mill |
| 23:41 | Build | Stone Wall |
| 23:54 | Build | Stone Wall |
| 24:06 | Create | Villager (Male) |
| 24:06 | Create | Villager (Male) |
| 24:08 | Create | Villager (Male) |
| 24:08 | Create | Villager (Male) |
| 24:13 | Build | House |
| 24:15 | Build | House |
| 24:16 | Build | House |
| 24:25 | Build | Farm |
| 24:27 | Build | Farm |
| 24:35 | Build | Farm |
| 24:45 | Build | Stone Wall |
| 25:09 | Create | Villager (Male) |
| 25:09 | Create | Villager (Male) |
| 25:10 | Create | Villager (Male) |
| 25:12 | Create | Villager (Male) |
| 25:12 | Create | Villager (Male) |
| 25:13 | Create | Villager (Male) |
| 25:17 | Build | Farm |
| 25:18 | Build | Farm |
| 25:24 | Create | Villager (Male) |
| 25:26 | Create | Villager (Male) |
| 25:43 | Build | Stone Wall |
| 25:56 | Create | Villager (Male) |
| 25:56 | Create | Villager (Male) |
| 25:57 | Create | Villager (Male) |
| 25:58 | Create | Villager (Male) |
| 25:58 | Create | Villager (Male) |
| 25:59 | Create | Villager (Male) |
| 26:02 | Build | Farm |
| 26:18 | Build | Monastery |
| 26:21 | Build | House |
| 26:22 | Build | House |
| 26:23 | Build | House |
| 26:25 | Build | House |
| 26:42 | Build | Stone Wall |
| 26:54 | Build | Stone Wall |
| 27:34 | Create | Villager (Male) |
| 27:34 | Create | Villager (Male) |
Build order — 清泉-zdx
First 150 of 671 actions detected
| 0:03 | Research | Loom |
| 0:03 | Create | Villager (Male) ×4 |
| 0:10 | Build | House |
| 0:42 | Build | House |
| 0:43 | Build | House |
| 0:45 | Build | House |
| 1:46 | Create | Villager (Male) |
| 1:46 | Create | Villager (Male) |
| 2:17 | Create | Villager (Male) |
| 2:42 | Create | Villager (Male) |
| 3:32 | Create | Villager (Male) |
| 3:58 | Create | Villager (Male) |
| 3:58 | Create | Villager (Male) |
| 4:28 | Create | Villager (Male) ×3 |
| 4:58 | Create | Villager (Male) ×4 |
| 5:25 | Build | Lumber Camp |
| 5:58 | Create | Villager (Male) |
| 6:22 | Create | Villager (Male) |
| 6:22 | Create | Villager (Male) |
| 7:47 | Create | Villager (Male) |
| 7:47 | Create | Villager (Male) |
| 8:02 | Build | Mill |
| 8:29 | Build | Mill |
| 8:37 | Create | Villager (Male) |
| 9:00 | Research | Feudal Age |
| 9:38 | Build | House |
| 9:39 | Build | House |
| 9:40 | Build | House |
| 10:08 | Build | Mining Camp |
| 11:35 | Build | Mining Camp |
| 11:38 | Age | Feudal Age |
| 11:54 | Create | Villager (Male) |
| 11:55 | Create | Villager (Male) |
| 12:08 | Build | Market |
| 12:13 | Build | Blacksmith |
| 12:39 | Create | Villager (Male) |
| 13:10 | Build | Palisade Wall |
| 13:25 | Build | Farm |
| 13:59 | Build | Farm |
| 14:15 | Build | Farm |
| 14:18 | Research | Castle Age |
| 14:49 | Build | Farm |
| 15:05 | Build | Palisade Wall |
| 15:48 | Research | Double-Bit Axe |
| 15:50 | Research | Gold Mining |
| 15:53 | Research | Stone Mining |
| 15:56 | Research | Horse Collar |
| 16:10 | Research | Stone Mining |
| 16:57 | Build | Palisade Wall |
| 16:58 | Age | Castle Age |
| 17:01 | Build | Palisade Wall |
| 17:12 | Research | Wheelbarrow |
| 17:41 | Build | Town Center |
| 18:27 | Create | Villager (Male) |
| 18:27 | Create | Villager (Male) |
| 18:50 | Build | Palisade Wall |
| 19:34 | Create | Villager (Male) ×5 |
| 19:34 | Create | Villager (Male) ×5 |
| 19:46 | Build | Palisade Wall |
| 19:55 | Build | Palisade Wall |
| 20:12 | Build | Town Center |
| 20:41 | Build | House |
| 20:41 | Build | House |
| 21:07 | Research | Bow Saw |
| 21:09 | Research | Heavy Plow |
| 21:12 | Research | Stone Shaft Mining |
| 21:14 | Create | Villager (Male) ×4 |
| 21:21 | Research | Caravan |
| 21:43 | Build | Palisade Wall |
| 21:56 | Build | Palisade Wall |
| 22:09 | Build | Town Center |
| 22:14 | Create | Villager (Male) ×5 |
| 22:15 | Create | Villager (Male) ×5 |
| 22:35 | Build | Palisade Wall |
| 23:03 | Build | Town Center |
| 23:15 | Build | Farm |
| 23:18 | Create | Villager (Male) ×2 |
| 23:34 | Build | Palisade Wall |
| 23:50 | Research | Hand Cart |
| 23:51 | Create | Villager (Male) ×4 |
| 23:51 | Create | Villager (Male) ×4 |
| 23:58 | Build | Farm |
| 23:58 | Build | Farm |
| 23:59 | Build | Farm |
| 23:59 | Build | Farm |
| 23:59 | Build | Farm |
| 24:30 | Build | Palisade Wall |
| 24:32 | Build | Palisade Wall |
| 24:41 | Create | Villager (Male) ×2 |
| 24:47 | Research | Caravan |
| 24:48 | Create | Villager (Male) ×5 |
| 24:53 | Create | Trade Cart |
| 25:08 | Build | Market |
| 25:21 | Build | Farm |
| 25:22 | Build | Farm |
| 25:24 | Build | Farm |
| 25:27 | Create | Villager (Male) ×2 |
| 25:27 | Create | Villager (Male) ×2 |
| 25:53 | Build | Mining Camp |
| 26:06 | Build | Farm |
| 26:06 | Build | Farm |
| 26:06 | Build | Farm |
| 26:07 | Build | Farm |
| 26:07 | Build | Farm |
| 26:07 | Build | Farm |
| 26:20 | Create | Villager (Male) ×5 |
| 26:20 | Create | Villager (Male) ×5 |
| 26:20 | Create | Villager (Male) ×2 |
| 26:34 | Build | Palisade Wall |
| 26:42 | Build | Market |
| 26:59 | Build | House |
| 27:00 | Build | House |
| 27:01 | Build | House |
| 27:01 | Build | House |
| 27:40 | Create | Villager (Male) ×5 |
| 27:40 | Create | Villager (Male) ×5 |
| 27:40 | Create | Villager (Male) ×3 |
| 27:52 | Build | Barracks |
| 28:07 | Create | Trade Cart ×5 |
| 28:08 | Create | Trade Cart ×5 |
| 28:08 | Create | Trade Cart ×5 |
| 28:25 | Build | Castle |
| 28:53 | Build | Market |
| 28:59 | Build | Market |
| 29:18 | Build | House |
| 29:19 | Build | House |
| 29:21 | Build | House |
| 29:22 | Build | House |
| 29:23 | Build | House |
| 29:31 | Build | Barracks |
| 30:01 | Build | Palisade Wall |
| 30:05 | Build | Barracks |
| 30:21 | Build | House |
| 30:22 | Build | House |
| 30:23 | Build | House |
| 30:24 | Build | House |
| 30:25 | Build | House |
| 30:27 | Build | House |
| 30:27 | Build | House |
| 30:31 | Research | Squires |
| 30:31 | Research | Pikeman (upgrade) |
| 30:58 | Research | Imperial Age |
| 31:07 | Build | Lumber Camp |
| 31:16 | Build | Siege Workshop |
| 31:24 | Build | University |
| 31:31 | Build | Siege Workshop |
| 31:54 | Build | Barracks |
| 31:55 | Build | Barracks |
| 31:57 | Build | Barracks |
| 32:16 | Build | Barracks |
Build order — Maiko
First 150 of 978 actions detected
| 0:02 | Create | Villager (Male) |
| 0:03 | Build | House |
| 0:04 | Build | House |
| 0:22 | Create | Villager (Male) |
| 0:22 | Create | Villager (Male) |
| 0:23 | Create | Villager (Male) |
| 1:29 | Create | Villager (Male) |
| 1:45 | Build | Lumber Camp |
| 2:00 | Create | Villager (Male) |
| 2:15 | Create | Villager (Male) |
| 2:46 | Create | Villager (Male) |
| 3:04 | Create | Villager (Male) |
| 3:35 | Create | Villager (Male) |
| 3:49 | Create | Villager (Male) |
| 3:56 | Build | House |
| 3:58 | Build | House |
| 4:17 | Build | Mill |
| 4:25 | Build | Mill |
| 4:27 | Create | Villager (Male) |
| 4:27 | Create | Villager (Male) |
| 5:02 | Create | Villager (Male) |
| 5:03 | Create | Villager (Male) |
| 5:41 | Create | Villager (Male) |
| 5:55 | Build | Mill |
| 6:14 | Create | Villager (Male) |
| 6:14 | Create | Villager (Male) |
| 6:14 | Create | Villager (Male) |
| 6:38 | Create | Villager (Male) |
| 7:04 | Create | Villager (Male) |
| 7:09 | Build | Farm |
| 8:20 | Research | Feudal Age |
| 9:41 | Create | Villager (Male) |
| 9:41 | Create | Villager (Male) |
| 9:42 | Build | Farm |
| 10:32 | Age | Feudal Age |
| 10:35 | Build | Market |
| 10:37 | Build | Blacksmith |
| 10:45 | Research | Double-Bit Axe |
| 11:01 | Build | House |
| 11:29 | Research | Castle Age |
| 11:48 | Build | Farm |
| 11:51 | Build | Farm |
| 11:52 | Research | Horse Collar |
| 12:09 | Build | Farm |
| 12:20 | Build | Farm |
| 12:35 | Build | Farm |
| 13:30 | Create | Villager (Male) |
| 14:08 | Age | Castle Age |
| 14:11 | Build | Town Center |
| 14:12 | Build | Town Center |
| 14:27 | Create | Villager (Male) |
| 14:38 | Research | Bow Saw |
| 14:50 | Create | Villager (Male) |
| 15:02 | Build | Farm |
| 15:11 | Create | Villager (Male) |
| 15:11 | Create | Villager (Male) |
| 15:12 | Create | Villager (Male) |
| 15:15 | Build | Farm |
| 15:26 | Create | Villager (Male) |
| 15:31 | Build | Farm |
| 15:31 | Create | Villager (Male) |
| 15:37 | Create | Villager (Male) |
| 15:38 | Create | Villager (Male) |
| 15:41 | Build | Farm |
| 15:43 | Build | Farm |
| 15:58 | Create | Villager (Male) |
| 15:58 | Create | Villager (Male) |
| 16:00 | Build | Farm |
| 16:06 | Build | Farm |
| 16:12 | Create | Villager (Male) |
| 16:23 | Build | House |
| 16:24 | Create | Villager (Male) |
| 16:28 | Build | Farm |
| 16:31 | Create | Villager (Male) |
| 16:37 | Build | Farm |
| 16:41 | Create | Villager (Male) |
| 16:47 | Build | Farm |
| 16:52 | Build | House |
| 16:53 | Create | Villager (Male) |
| 16:59 | Create | Villager (Male) |
| 17:01 | Build | Farm |
| 17:08 | Create | Villager (Male) |
| 17:16 | Build | Farm |
| 17:21 | Create | Villager (Male) |
| 17:30 | Create | Villager (Male) |
| 17:35 | Build | House |
| 17:35 | Create | Villager (Male) |
| 17:40 | Create | Villager (Male) |
| 17:50 | Create | Villager (Male) |
| 17:55 | Build | Town Center |
| 18:02 | Build | Town Center |
| 18:03 | Create | Villager (Male) |
| 18:04 | Create | Villager (Male) |
| 18:08 | Build | House |
| 18:09 | Create | Villager (Male) |
| 18:09 | Create | Villager (Male) |
| 18:16 | Build | Farm |
| 18:19 | Create | Villager (Male) |
| 18:33 | Create | Villager (Male) |
| 18:36 | Create | Villager (Male) |
| 18:37 | Build | House |
| 18:49 | Research | Wheelbarrow |
| 19:02 | Build | Farm |
| 19:03 | Create | Villager (Male) |
| 19:04 | Build | Farm |
| 19:09 | Build | House |
| 19:09 | Create | Villager (Male) |
| 19:10 | Create | Villager (Male) |
| 19:11 | Build | Farm |
| 19:20 | Create | Villager (Male) |
| 19:24 | Build | Farm |
| 19:29 | Build | Town Center |
| 19:31 | Create | Villager (Male) |
| 19:36 | Build | Farm |
| 19:38 | Create | Villager (Male) |
| 19:41 | Build | House |
| 19:41 | Build | House |
| 19:42 | Create | Villager (Male) |
| 19:47 | Create | Villager (Male) |
| 19:49 | Build | Farm |
| 19:50 | Build | Farm |
| 19:59 | Create | Villager (Male) |
| 20:04 | Build | Farm |
| 20:09 | Create | Villager (Male) |
| 20:09 | Create | Villager (Male) |
| 20:15 | Build | Farm |
| 20:17 | Create | Villager (Male) |
| 20:19 | Build | Farm |
| 20:20 | Build | Farm |
| 20:21 | Create | Villager (Male) |
| 20:24 | Create | Villager (Male) |
| 20:28 | Build | Farm |
| 20:31 | Create | Villager (Male) |
| 20:36 | Build | Farm |
| 20:38 | Create | Villager (Male) |
| 20:40 | Build | House |
| 20:40 | Build | House |
| 20:47 | Create | Villager (Male) |
| 20:48 | Build | Farm |
| 20:50 | Create | Villager (Male) |
| 20:52 | Create | Villager (Male) |
| 20:56 | Create | Villager (Male) |
| 21:04 | Create | Villager (Male) |
| 21:12 | Build | Town Center |
| 21:21 | Build | Farm |
| 21:25 | Create | Villager (Male) |
| 21:25 | Create | Villager (Male) |
| 21:27 | Build | Farm |
| 21:29 | Build | Farm |
| 21:30 | Create | Villager (Male) |
Build order —
First 150 of 3378 actions detected
| 0:00 | Build | House |
| 0:02 | Build | House |
| 1:42 | Build | Lumber Camp |
| 1:43 | Build | Mill |
| 2:11 | Build | Lumber Camp |
| 3:19 | Build | Mill |
| 3:46 | Build | House |
| 4:58 | Build | Mining Camp |
| 5:51 | Research | Tech None |
| 5:51 | Build | House |
| 6:41 | Research | Tech None |
| 8:01 | Build | Lumber Camp |
| 8:25 | Build | Lumber Camp |
| 8:52 | Build | Lumber Camp |
| 9:08 | Build | Farm |
| 9:10 | Build | Farm |
| 9:16 | Build | Market |
| 9:18 | Research | Tech None |
| 9:18 | Build | Blacksmith |
| 9:19 | Research | Tech None |
| 9:19 | Build | House |
| 10:06 | Research | Tech None |
| 11:29 | Build | Market |
| 12:13 | Build | Market |
| 12:46 | Research | Tech None |
| 12:46 | Build | Castle |
| 12:47 | Research | Tech None |
| 12:48 | Research | Tech None |
| 12:48 | Build | Mining Camp |
| 13:01 | Build | House |
| 13:02 | Build | House |
| 13:09 | Build | Farm |
| 13:42 | Research | Tech None |
| 13:42 | Build | Barracks |
| 14:07 | Build | Farm |
| 14:12 | Research | Tech None |
| 14:24 | Research | Tech None |
| 14:24 | Build | Farm |
| 14:33 | Build | Farm |
| 15:08 | Build | Town Center |
| 15:19 | Build | Farm |
| 16:00 | Build | Town Center |
| 16:03 | Build | Farm |
| 16:05 | Build | Farm |
| 16:10 | Build | Farm |
| 16:32 | Build | Farm |
| 16:53 | Research | Tech None |
| 16:57 | Build | Farm |
| 17:15 | Build | Farm |
| 17:16 | Build | Farm |
| 17:29 | Build | Farm |
| 17:47 | Build | Farm |
| 17:48 | Build | Farm |
| 17:52 | Research | Tech None |
| 18:04 | Build | Monastery |
| 18:06 | Build | Farm |
| 18:19 | Build | Farm |
| 18:24 | Build | House |
| 18:25 | Build | House |
| 18:29 | Build | Monastery |
| 18:45 | Build | Farm |
| 18:47 | Build | House |
| 18:55 | Build | Farm |
| 19:12 | Build | House |
| 19:14 | Build | Farm |
| 19:16 | Build | Farm |
| 19:21 | Build | House |
| 19:27 | Research | Tech None |
| 19:28 | Build | Farm |
| 19:45 | Build | Farm |
| 20:00 | Build | Archery Range |
| 20:08 | Build | House |
| 20:09 | Build | House |
| 20:16 | Build | Farm |
| 20:35 | Research | Tech None |
| 20:35 | Build | Farm |
| 20:38 | Research | Tech None |
| 20:43 | Build | Lumber Camp |
| 20:48 | Build | Archery Range |
| 20:58 | Build | Market |
| 21:05 | Research | Tech None |
| 21:25 | Research | Tech None |
| 21:35 | Research | Tech None |
| 21:37 | Build | House |
| 21:38 | Build | House |
| 22:14 | Build | House |
| 22:15 | Build | House |
| 22:17 | Build | House |
| 22:38 | Build | House |
| 22:51 | Create | Genoese Crossbowman |
| 22:56 | Build | House |
| 23:09 | Build | University |
| 23:12 | Build | Castle |
| 23:13 | Build | House |
| 23:16 | Build | House |
| 23:26 | Build | House |
| 23:43 | Build | House |
| 23:44 | Build | House |
| 23:46 | Build | House |
| 23:52 | Build | Barracks |
| 23:56 | Build | Barracks |
| 24:01 | Build | Barracks |
| 24:03 | Build | Gate |
| 24:12 | Research | Tech None |
| 24:14 | Build | Barracks |
| 24:28 | Research | Tech None |
| 24:28 | Build | Barracks |
| 24:36 | Build | Stable |
| 24:39 | Build | Stable |
| 24:44 | Build | Gate |
| 24:44 | Build | Lumber Camp |
| 24:44 | Build | Gate |
| 24:48 | Build | Stable |
| 24:53 | Build | Siege Workshop |
| 24:56 | Build | Siege Workshop |
| 24:58 | Research | Tech None |
| 25:08 | Build | Stable |
| 25:12 | Research | Tech None |
| 25:15 | Research | Tech None |
| 25:22 | Build | Stable |
| 25:26 | Build | Farm |
| 25:31 | Build | Stable |
| 25:37 | Build | Archery Range |
| 25:43 | Research | Tech None |
| 25:43 | Build | Archery Range |
| 25:48 | Build | Gate |
| 25:51 | Build | Farm |
| 25:53 | Build | Archery Range |
| 25:56 | Build | Archery Range |
| 26:00 | Build | Archery Range |
| 26:03 | Build | Siege Workshop |
| 26:06 | Research | Tech None |
| 26:09 | Research | Tech None |
| 26:16 | Build | Farm |
| 26:23 | Build | Siege Workshop |
| 26:25 | Build | Siege Workshop |
| 26:28 | Research | Tech None |
| 26:38 | Research | Tech None |
| 26:38 | Build | House |
| 26:40 | Build | House |
| 26:42 | Build | Farm |
| 26:42 | Build | Castle |
| 26:45 | Build | Mining Camp |
| 26:48 | Build | House |
| 26:49 | Build | House |
| 26:50 | Build | Mining Camp |
| 26:56 | Research | Tech None |
| 26:56 | Build | House |
| 27:03 | Build | Farm |
| 27:08 | Research | Tech None |
Build order —
First 150 of 2622 actions detected
| 0:00 | Build | House |
| 0:02 | Build | House |
| 1:42 | Build | Lumber Camp |
| 1:46 | Build | Mill |
| 2:07 | Build | Mill |
| 2:08 | Build | Mill |
| 2:09 | Build | Mill |
| 2:10 | Build | Mill |
| 2:11 | Build | Mill |
| 2:12 | Build | Mill |
| 2:12 | Build | Mill |
| 2:13 | Build | Mill |
| 2:15 | Build | Mill |
| 2:16 | Build | Mill |
| 2:17 | Build | Mill |
| 2:18 | Build | Mill |
| 2:19 | Build | Mill |
| 2:19 | Build | Mill |
| 2:20 | Build | Mill |
| 2:22 | Build | Mill |
| 2:23 | Build | Mill |
| 2:24 | Build | Mill |
| 2:25 | Build | Mill |
| 2:25 | Build | Mill |
| 2:27 | Build | Mill |
| 2:28 | Build | Mill |
| 2:29 | Build | Mill |
| 2:30 | Build | Mill |
| 2:31 | Build | Mill |
| 2:32 | Build | Mill |
| 2:33 | Build | Mill |
| 2:34 | Build | Mill |
| 2:35 | Build | Mill |
| 2:36 | Build | Mill |
| 2:37 | Build | Mill |
| 2:38 | Build | Mill |
| 2:39 | Build | Mill |
| 2:41 | Build | Mill |
| 2:41 | Build | Mill |
| 2:42 | Build | Mill |
| 2:43 | Build | Mill |
| 2:44 | Build | Mill |
| 2:45 | Build | Mill |
| 2:46 | Build | Mill |
| 2:47 | Build | Mill |
| 2:48 | Build | Mill |
| 2:49 | Build | Mill |
| 2:50 | Build | Mill |
| 2:51 | Build | Mill |
| 2:52 | Build | Mill |
| 2:53 | Build | Mill |
| 2:54 | Build | Mill |
| 2:55 | Build | Mill |
| 2:56 | Build | Mill |
| 2:57 | Build | Mill |
| 2:58 | Build | Mill |
| 2:59 | Build | Mill |
| 3:01 | Build | Mill |
| 3:02 | Build | Mill |
| 3:03 | Build | Mill |
| 3:04 | Build | Mill |
| 3:05 | Build | Mill |
| 3:06 | Build | Mill |
| 3:07 | Build | Mill |
| 3:08 | Build | Mill |
| 3:09 | Build | Mill |
| 3:10 | Build | Mill |
| 3:11 | Build | Mill |
| 3:12 | Build | Mill |
| 3:13 | Build | Mill |
| 3:14 | Build | Mill |
| 3:15 | Build | Mill |
| 3:16 | Build | Mill |
| 3:17 | Build | Mill |
| 3:18 | Build | Mill |
| 3:19 | Build | Mill |
| 3:20 | Build | Mill |
| 3:21 | Build | Mill |
| 3:22 | Build | Mill |
| 3:24 | Build | Mill |
| 3:25 | Build | Mill |
| 3:25 | Build | Lumber Camp |
| 3:46 | Build | House |
| 4:01 | Build | Mill |
| 4:58 | Build | Mining Camp |
| 5:51 | Research | Tech None |
| 5:51 | Build | House |
| 6:41 | Research | Tech None |
| 8:01 | Build | Lumber Camp |
| 8:38 | Build | Lumber Camp |
| 8:52 | Build | Market |
| 8:53 | Research | Tech None |
| 8:53 | Build | Blacksmith |
| 8:54 | Research | Tech None |
| 8:55 | Research | Tech None |
| 9:16 | Build | House |
| 9:42 | Research | Tech None |
| 9:59 | Build | Farm |
| 10:00 | Build | Farm |
| 10:30 | Build | Farm |
| 10:31 | Build | Farm |
| 11:39 | Build | Market |
| 12:09 | Build | Market |
| 12:23 | Research | Tech None |
| 12:23 | Build | Town Center |
| 12:24 | Research | Tech None |
| 12:24 | Build | Town Center |
| 12:29 | Build | House |
| 12:33 | Research | Tech None |
| 12:34 | Build | Farm |
| 12:38 | Build | House |
| 12:47 | Build | Farm |
| 12:51 | Build | House |
| 13:18 | Build | Monastery |
| 13:32 | Build | Farm |
| 13:57 | Build | Farm |
| 14:02 | Build | Siege Workshop |
| 14:15 | Build | Farm |
| 14:23 | Build | Farm |
| 14:27 | Build | Farm |
| 14:28 | Build | Farm |
| 14:49 | Build | Barracks |
| 15:01 | Build | Farm |
| 15:16 | Build | Farm |
| 15:37 | Build | Farm |
| 15:42 | Build | Farm |
| 15:48 | Build | Town Center |
| 15:50 | Build | House |
| 15:51 | Build | House |
| 16:06 | Build | Farm |
| 16:07 | Build | House |
| 16:10 | Research | Tech None |
| 16:20 | Build | Stable |
| 16:29 | Build | Farm |
| 16:32 | Build | Farm |
| 16:47 | Build | Mining Camp |
| 16:56 | Research | Tech None |
| 16:58 | Build | Farm |
| 17:04 | Build | Farm |
| 17:07 | Build | Farm |
| 17:09 | Build | Mining Camp |
| 17:17 | Research | Tech None |
| 17:18 | Research | Tech None |
| 17:23 | Build | University |
| 17:45 | Build | Barracks |
| 17:48 | Research | Tech None |
| 18:00 | Build | Lumber Camp |
| 18:11 | Build | Market |
| 18:13 | Build | House |
| 18:15 | Build | House |
Build order —
First 150 of 1699 actions detected
| 0:00 | Build | House |
| 0:02 | Build | House |
| 1:42 | Build | Lumber Camp |
| 1:43 | Build | Mill |
| 2:09 | Build | Lumber Camp |
| 3:24 | Build | Mill |
| 3:45 | Build | House |
| 4:58 | Build | Mining Camp |
| 5:51 | Research | Tech None |
| 5:51 | Build | House |
| 6:41 | Research | Tech None |
| 8:01 | Build | Lumber Camp |
| 8:25 | Build | Farm |
| 8:26 | Build | Lumber Camp |
| 8:50 | Build | Lumber Camp |
| 8:52 | Build | Market |
| 8:53 | Research | Tech None |
| 8:53 | Build | Blacksmith |
| 8:54 | Research | Tech None |
| 8:55 | Research | Tech None |
| 9:15 | Build | House |
| 9:20 | Build | Farm |
| 9:42 | Research | Tech None |
| 10:00 | Build | House |
| 10:59 | Build | Farm |
| 11:41 | Build | Market |
| 11:51 | Build | Farm |
| 12:02 | Build | Farm |
| 12:23 | Research | Tech None |
| 12:23 | Build | Town Center |
| 12:24 | Research | Tech None |
| 12:24 | Build | Town Center |
| 12:37 | Build | House |
| 12:38 | Build | House |
| 12:47 | Build | Farm |
| 12:57 | Build | House |
| 13:12 | Research | Tech None |
| 13:23 | Build | Farm |
| 13:37 | Build | Farm |
| 13:52 | Build | Farm |
| 13:57 | Build | Monastery |
| 14:10 | Build | Farm |
| 14:27 | Build | Farm |
| 14:28 | Build | Farm |
| 14:30 | Build | Farm |
| 14:42 | Build | Barracks |
| 14:52 | Build | Farm |
| 15:17 | Build | Farm |
| 15:18 | Build | Farm |
| 15:24 | Build | Siege Workshop |
| 15:32 | Research | Tech None |
| 15:42 | Build | Farm |
| 15:42 | Build | House |
| 15:43 | Build | House |
| 15:54 | Build | Stable |
| 16:04 | Build | Barracks |
| 16:17 | Build | Farm |
| 16:18 | Build | Farm |
| 16:20 | Build | Barracks |
| 16:23 | Build | Farm |
| 16:26 | Build | Farm |
| 16:33 | Build | Farm |
| 16:34 | Research | Tech None |
| 16:34 | Build | House |
| 16:43 | Research | Tech None |
| 16:46 | Build | Barracks |
| 16:49 | Research | Tech None |
| 17:14 | Build | Stable |
| 17:38 | Build | Lumber Camp |
| 17:47 | Build | Mining Camp |
| 17:48 | Research | Tech None |
| 17:49 | Build | House |
| 17:53 | Build | House |
| 18:01 | Research | Tech None |
| 18:30 | Build | House |
| 18:31 | Build | House |
| 18:32 | Build | House |
| 18:40 | Build | Stable |
| 18:59 | Build | Stable |
| 19:06 | Build | Stable |
| 19:13 | Build | Castle |
| 19:14 | Research | Tech None |
| 19:14 | Research | Tech None |
| 19:15 | Build | Mining Camp |
| 19:28 | Build | House |
| 19:29 | Build | House |
| 19:35 | Build | Market |
| 19:37 | Build | Stable |
| 19:44 | Build | House |
| 19:45 | Build | Stable |
| 19:48 | Build | House |
| 19:50 | Build | House |
| 19:52 | Build | Farm |
| 19:59 | Research | Tech None |
| 20:02 | Build | Farm |
| 20:06 | Build | Farm |
| 20:06 | Build | House |
| 20:08 | Build | Castle |
| 20:19 | Research | Tech None |
| 20:22 | Build | Market |
| 20:23 | Build | University |
| 20:24 | Build | Farm |
| 20:35 | Build | Siege Workshop |
| 20:44 | Build | Stable |
| 20:47 | Build | Stable |
| 20:50 | Build | Archery Range |
| 20:59 | Build | Farm |
| 21:00 | Research | Tech None |
| 21:02 | Build | Archery Range |
| 21:09 | Build | Market |
| 21:18 | Build | Archery Range |
| 21:24 | Build | Archery Range |
| 21:25 | Build | Farm |
| 21:33 | Build | Archery Range |
| 21:39 | Research | Tech None |
| 21:41 | Research | Tech None |
| 21:42 | Research | Tech None |
| 21:43 | Build | Lumber Camp |
| 21:56 | Research | Tech None |
| 21:59 | Build | Gate |
| 22:05 | Build | Gate |
| 22:06 | Build | Siege Workshop |
| 22:15 | Research | Tech None |
| 22:17 | Build | Market |
| 22:18 | Research | Tech None |
| 22:26 | Build | Siege Workshop |
| 22:36 | Build | Farm |
| 22:37 | Build | Farm |
| 22:40 | Build | Farm |
| 22:45 | Build | Farm |
| 22:46 | Build | Farm |
| 22:49 | Build | Siege Workshop |
| 22:50 | Research | Tech None |
| 22:54 | Build | Siege Workshop |
| 22:55 | Build | Farm |
| 22:58 | Build | Farm |
| 23:02 | Build | Farm |
| 23:02 | Build | Castle |
| 23:18 | Build | Farm |
| 23:31 | Build | House |
| 23:32 | Build | House |
| 23:32 | Build | Farm |
| 23:32 | Build | Town Center |
| 23:42 | Build | Farm |
| 23:43 | Build | House |
| 23:55 | Build | Farm |
| 24:16 | Research | Tech None |
| 24:18 | Research | Tech None |
| 24:20 | Build | Farm |
| 24:21 | Build | Farm |
Match timeline
| 2:05 | wxj9966 · wall_segment Palisade Wall x1 |
| 2:06 | wxj9966 · wall_segment Palisade Wall x1 |
| 2:07 | wxj9966 · wall_segment Palisade Wall x1 |
| 2:08 | wxj9966 · wall_segment Palisade Wall x1 |
| 2:12 | wxj9966 · wall_segment Palisade Wall x1 |
| 2:18 | wxj9966 · wall_segment Palisade Wall x1 |
| 2:21 | wxj9966 · wall_segment Palisade Wall x1 |
| 2:28 | wxj9966 · wall_segment Palisade Wall x1 |
| 2:29 | wxj9966 · wall_segment Palisade Wall x1 |
| 2:33 | wxj9966 · wall_segment Palisade Wall x1 |
| 2:35 | wxj9966 · wall_segment Palisade Wall x1 |
| 2:41 | wxj9966 · wall_segment Palisade Wall x1 |
| 2:44 | wxj9966 · wall_segment Palisade Wall x1 |
| 2:51 | wxj9966 · wall_segment Palisade Wall x1 |
| 4:32 | 超級無敵海綿體 · wall_segment Palisade Wall x5 |
| 4:34 | 超級無敵海綿體 · wall_segment Palisade Wall x7 |
| 5:24 | 超級無敵海綿體 · wall_segment Palisade Wall x1 |
| 5:51 | 超級無敵海綿體 · wall_segment Palisade Wall x1 |
| 5:52 | 超級無敵海綿體 · wall_segment Palisade Wall x1 |
| 7:21 | 超級無敵海綿體 · wall_segment Palisade Wall x1 |
| 7:25 | 超級無敵海綿體 · wall_segment Palisade Wall x1 |
| 9:24 | · first_market_sell 100 food |
| 10:04 | · first_market_sell 100 food |
| 10:24 | wxj9966 · age_up feudal |
| 10:32 | Maiko · age_up feudal |
| 10:45 | · first_market_sell 100 food |
| 11:25 | 小魚子 · age_up feudal |
| 11:30 | 超級無敵海綿體 · age_up feudal |
| 11:34 | 小魚子 · wall_segment Stone Wall x18 |
| 11:37 | 超級無敵海綿體 · wall_segment Stone Wall x9 |
| 11:38 | 超級無敵海綿體 · wall_segment Stone Wall x11 |
| 11:38 | 清泉-zdx · age_up feudal |
| 11:43 | 超級無敵海綿體 · wall_segment Stone Wall x15 |
| 11:50 | 小魚子 · wall_segment Stone Wall x35 |
| 12:46 | · first_building Castle |
| 13:06 | 超級無敵海綿體 · wall_segment Stone Wall x4 |
| 13:10 | 清泉-zdx · wall_segment Palisade Wall x23 |
| 13:11 | 超級無敵海綿體 · wall_segment Stone Wall x15 |
| 13:18 | · first_building Monastery |
| 13:39 | wxj9966 · age_up castle |
| 13:42 | · first_building Barracks |
| 13:42 | 小魚子 · wall_segment Stone Wall x7 |
| 13:53 | 超級無敵海綿體 · wall_segment Stone Wall x10 |
| 13:57 | 小魚子 · wall_segment Stone Wall x8 |
| 13:57 | · first_building Monastery |
| 14:02 | · first_building Siege Workshop |
| 14:02 | 清泉-zdx · first_market_buy 100 food |
| 14:08 | Maiko · age_up castle |
| 14:24 | 超級無敵海綿體 · wall_segment Stone Wall x12 |
| 14:40 | 超級無敵海綿體 · wall_segment Stone Wall x18 |
| 14:42 | · first_building Barracks |
| 14:49 | · first_building Barracks |
| 14:55 | 超級無敵海綿體 · wall_segment Stone Wall x1 |
| 14:58 | 超級無敵海綿體 · wall_segment Stone Wall x4 |
| 15:05 | 清泉-zdx · wall_segment Palisade Wall x33 |
| 15:24 | · first_building Siege Workshop |
| 15:27 | 超級無敵海綿體 · wall_segment Stone Wall x1 |
| 15:28 | 超級無敵海綿體 · age_up castle |
| 15:30 | 超級無敵海綿體 · wall_segment Stone Wall x6 |
| 15:35 | 超級無敵海綿體 · wall_segment Stone Wall x7 |
| 15:35 | 超級無敵海綿體 · wall_segment Stone Wall x4 |
| 15:41 | 小魚子 · wall_segment Stone Wall x6 |
| 15:44 | 超級無敵海綿體 · wall_segment Stone Wall x7 |
| 15:47 | 小魚子 · age_up castle |
| 15:53 | 超級無敵海綿體 · wall_segment Stone Wall x11 |
| 15:54 | · first_building Stable |
| 15:56 | 超級無敵海綿體 · wall_segment Stone Wall x10 |
| 16:06 | · first_market_buy 100 stone |
| 16:13 | · first_market_buy 100 wood |
| 16:20 | · first_building Stable |
| 16:26 | 小魚子 · wall_segment Stone Wall x6 |
| 16:48 | 超級無敵海綿體 · wall_segment Stone Wall x10 |
| 16:52 | 超級無敵海綿體 · wall_segment Stone Wall x4 |
| 16:57 | 清泉-zdx · wall_segment Palisade Wall x16 |
| 16:58 | 超級無敵海綿體 · wall_segment Stone Wall x11 |
| 16:58 | 小魚子 · wall_segment Stone Wall x11 |
| 16:58 | 清泉-zdx · age_up castle |
| 17:00 | wxj9966 · first_building Monastery |
| 17:01 | 清泉-zdx · wall_segment Palisade Wall x10 |
| 17:03 | 超級無敵海綿體 · wall_segment Stone Wall x7 |
| 17:06 | 超級無敵海綿體 · wall_segment Stone Wall x4 |
| 17:08 | · first_market_buy 100 wood |
| 17:22 | 小魚子 · wall_segment Stone Wall x20 |
| 17:41 | 超級無敵海綿體 · wall_segment Stone Wall x1 |
| 17:48 | 超級無敵海綿體 · first_building Monastery |
| 18:04 | · first_building Monastery |
| 18:16 | 小魚子 · wall_segment Stone Wall x22 |
| 18:24 | 小魚子 · first_market_buy 100 food |
| 18:49 | 超級無敵海綿體 · wall_segment Stone Wall x10 |
| 18:50 | 清泉-zdx · wall_segment Palisade Wall x29 |
| 18:51 | 超級無敵海綿體 · wall_segment Stone Wall x8 |
| 19:05 | 超級無敵海綿體 · wall_segment Stone Wall x5 |
| 19:13 | · first_building Castle |
| 19:22 | · first_building Archery Range |
| 19:46 | 清泉-zdx · wall_segment Palisade Wall x16 |
| 19:52 | 超級無敵海綿體 · wall_segment Stone Wall x25 |
| 19:55 | 小魚子 · wall_segment Stone Wall x28 |
| 19:55 | 清泉-zdx · wall_segment Palisade Wall x11 |
| 19:58 | · first_building Castle |
| 20:00 | · first_building Archery Range |
| 20:05 | 超級無敵海綿體 · wall_segment Stone Wall x4 |
| 20:07 | 超級無敵海綿體 · wall_segment Stone Wall x6 |
| 20:18 | 超級無敵海綿體 · first_market_buy 100 food |
| 20:47 | 小魚子 · wall_segment Stone Wall x1 |
| 20:50 | · first_building Archery Range |
| 20:56 | 小魚子 · wall_segment Stone Wall x7 |
| 21:37 | 小魚子 · wall_segment Stone Wall x11 |
| 21:43 | 清泉-zdx · wall_segment Palisade Wall x17 |
| 21:55 | 超級無敵海綿體 · wall_segment Stone Wall x10 |
| 21:56 | 清泉-zdx · wall_segment Palisade Wall x14 |
| 22:02 | 超級無敵海綿體 · wall_segment Stone Wall x5 |
| 22:03 | 超級無敵海綿體 · wall_segment Stone Wall x7 |
| 22:35 | 清泉-zdx · wall_segment Palisade Wall x12 |
| 22:54 | 超級無敵海綿體 · wall_segment Stone Wall x13 |
| 23:01 | 小魚子 · wall_segment Stone Wall x8 |
| 23:34 | 清泉-zdx · wall_segment Palisade Wall x17 |
| 23:38 | 超級無敵海綿體 · wall_segment Stone Wall x10 |
| 23:41 | 小魚子 · wall_segment Stone Wall x7 |
| 23:50 | 超級無敵海綿體 · wall_segment Stone Wall x12 |
| 23:54 | 小魚子 · wall_segment Stone Wall x15 |
| 24:15 | wxj9966 · first_market_sell 100 wood |
| 24:29 | 超級無敵海綿體 · wall_segment Stone Wall x14 |
| 24:30 | 清泉-zdx · wall_segment Palisade Wall x9 |
| 24:31 | 超級無敵海綿體 · wall_segment Stone Wall x6 |
| 24:32 | 清泉-zdx · wall_segment Palisade Wall x26 |
| 24:36 | · first_building Stable |
| 24:45 | 小魚子 · wall_segment Stone Wall x14 |
| 24:53 | · first_building Siege Workshop |
| 25:02 | 超級無敵海綿體 · wall_segment Stone Wall x5 |
| 25:03 | wxj9966 · wall_segment Stone Wall x8 |
| 25:16 | 超級無敵海綿體 · wall_segment Stone Wall x7 |
| 25:18 | 超級無敵海綿體 · wall_segment Stone Wall x6 |
| 25:19 | 超級無敵海綿體 · wall_segment Stone Wall x5 |
| 25:21 | Maiko · first_building Castle |
| 25:26 | 超級無敵海綿體 · wall_segment Stone Wall x5 |
| 25:27 | 超級無敵海綿體 · wall_segment Stone Wall x6 |
| 25:42 | 超級無敵海綿體 · wall_segment Stone Wall x17 |
| 25:43 | 小魚子 · wall_segment Stone Wall x4 |
| 25:44 | 超級無敵海綿體 · wall_segment Stone Wall x5 |
| 26:03 | Maiko · wall_segment Stone Wall x1 |
| 26:03 | Maiko · wall_segment Stone Wall x1 |
| 26:04 | Maiko · wall_segment Stone Wall x1 |
| 26:05 | Maiko · wall_segment Stone Wall x1 |
| 26:07 | Maiko · wall_segment Stone Wall x1 |
| 26:08 | 超級無敵海綿體 · wall_segment Stone Wall x4 |
| 26:09 | Maiko · wall_segment Stone Wall x1 |
| 26:18 | 小魚子 · first_building Monastery |
| 26:30 | Maiko · wall_segment Stone Wall x7 |
| 26:34 | 清泉-zdx · wall_segment Palisade Wall x17 |
| 26:35 | wxj9966 · first_building Castle |
| 26:41 | wxj9966 · first_building Barracks |
| 26:42 | 小魚子 · wall_segment Stone Wall x7 |
| 26:46 | wxj9966 · wall_segment Stone Wall x11 |
| 26:47 | 超級無敵海綿體 · wall_segment Stone Wall x11 |
| 26:51 | 超級無敵海綿體 · wall_segment Stone Wall x4 |
| 26:54 | 小魚子 · wall_segment Stone Wall x10 |
| 26:59 | 超級無敵海綿體 · wall_segment Stone Wall x12 |
| 27:02 | 超級無敵海綿體 · wall_segment Stone Wall x3 |
| 27:03 | 超級無敵海綿體 · wall_segment Stone Wall x4 |
| 27:08 | 超級無敵海綿體 · first_market_sell 100 wood |
| 27:22 | wxj9966 · age_up imperial |
| 27:51 | wxj9966 · first_building Stable |
| 27:52 | 清泉-zdx · first_building Barracks |
| 27:54 | 小魚子 · wall_segment Stone Wall x3 |
| 28:22 | 超級無敵海綿體 · wall_segment Stone Wall x12 |
| 28:25 | 清泉-zdx · first_building Castle |
| 28:31 | 超級無敵海綿體 · wall_segment Stone Wall x8 |
| 28:34 | 小魚子 · wall_segment Stone Wall x1 |
| 28:51 | 小魚子 · wall_segment Stone Wall x14 |
| 28:58 | 小魚子 · wall_segment Stone Wall x4 |
| 29:04 | 超級無敵海綿體 · wall_segment Stone Wall x4 |
| 29:06 | wxj9966 · wall_segment Stone Wall x14 |
| 29:12 | 超級無敵海綿體 · wall_segment Stone Wall x7 |
| 29:13 | Maiko · first_building Barracks |
| 29:41 | Maiko · age_up imperial |
| 29:42 | 超級無敵海綿體 · wall_segment Stone Wall x3 |
| 29:50 | 超級無敵海綿體 · wall_segment Stone Wall x11 |
| 29:56 | 超級無敵海綿體 · wall_segment Stone Wall x5 |
| 29:58 | 小魚子 · wall_segment Stone Wall x1 |
| 30:01 | 清泉-zdx · wall_segment Palisade Wall x1 |
| 30:09 | 小魚子 · wall_segment Stone Wall x8 |
| 30:12 | 超級無敵海綿體 · first_building Siege Workshop |
| 30:22 | 超級無敵海綿體 · wall_segment Stone Wall x6 |
| 30:25 | Maiko · first_building Stable |
| 30:27 | 小魚子 · wall_segment Stone Wall x16 |
| 30:32 | 超級無敵海綿體 · wall_segment Stone Wall x18 |
| 30:38 | 超級無敵海綿體 · wall_segment Stone Wall x5 |
| 31:08 | 超級無敵海綿體 · wall_segment Stone Wall x10 |
| 31:16 | 清泉-zdx · first_building Siege Workshop |
| 31:25 | 超級無敵海綿體 · wall_segment Stone Wall x1 |
| 31:26 | 小魚子 · wall_segment Stone Wall x12 |
| 31:28 | wxj9966 · first_building Archery Range |
| 31:42 | Maiko · first_building Archery Range |
| 31:45 | 超級無敵海綿體 · wall_segment Stone Wall x15 |
| 31:50 | 超級無敵海綿體 · wall_segment Stone Wall x4 |
| 31:59 | wxj9966 · first_market_buy 100 stone |
| 32:05 | 超級無敵海綿體 · wall_segment Stone Wall x16 |
| 32:38 | 超級無敵海綿體 · age_up imperial |
| 32:42 | 小魚子 · wall_segment Stone Wall x14 |
| 32:53 | 小魚子 · wall_segment Stone Wall x1 |
| 33:03 | 超級無敵海綿體 · wall_segment Palisade Wall x11 |
| 33:08 | 超級無敵海綿體 · wall_segment Stone Wall x6 |
| 33:35 | Maiko · wall_segment Stone Wall x3 |
| 33:55 | 小魚子 · first_building Castle |
| 34:00 | 清泉-zdx · wall_segment Palisade Wall x15 |
| 34:04 | Maiko · wall_segment Stone Wall x1 |
| 34:08 | 清泉-zdx · age_up imperial |
| 34:12 | 小魚子 · wall_segment Stone Wall x1 |
| 34:30 | 小魚子 · wall_segment Stone Wall x11 |
| 34:39 | 超級無敵海綿體 · wall_segment Palisade Wall x21 |
| 34:42 | 小魚子 · wall_segment Stone Wall x10 |
| 34:44 | 超級無敵海綿體 · wall_segment Stone Wall x3 |
| 34:48 | 超級無敵海綿體 · wall_segment Stone Wall x10 |
| 34:50 | 超級無敵海綿體 · wall_segment Stone Wall x6 |
| 34:51 | 超級無敵海綿體 · wall_segment Stone Wall x7 |
| 35:19 | 超級無敵海綿體 · wall_segment Stone Wall x4 |
| 35:24 | 小魚子 · wall_segment Stone Wall x4 |
| 35:31 | 超級無敵海綿體 · wall_segment Stone Wall x1 |
| 35:59 | 小魚子 · wall_segment Stone Wall x14 |
| 36:01 | 超級無敵海綿體 · wall_segment Stone Wall x11 |
| 36:16 | 超級無敵海綿體 · wall_segment Stone Wall x12 |
| 36:19 | 小魚子 · age_up imperial |
| 36:33 | 超級無敵海綿體 · wall_segment Stone Wall x10 |
| 36:40 | 超級無敵海綿體 · wall_segment Stone Wall x9 |
| 37:05 | 小魚子 · first_building Barracks |
| 37:20 | 小魚子 · wall_segment Stone Wall x5 |
| 37:22 | 超級無敵海綿體 · wall_segment Stone Wall x1 |
| 37:23 | 超級無敵海綿體 · wall_segment Stone Wall x1 |
| 37:25 | 超級無敵海綿體 · wall_segment Stone Wall x4 |
| 37:37 | 小魚子 · wall_segment Stone Wall x15 |
| 38:29 | 超級無敵海綿體 · wall_segment Stone Wall x4 |
| 38:30 | 超級無敵海綿體 · wall_segment Stone Wall x9 |
| 38:31 | 小魚子 · first_building Archery Range |
| 38:33 | 超級無敵海綿體 · wall_segment Stone Wall x5 |
| 38:35 | 小魚子 · first_building Stable |
| 38:58 | 清泉-zdx · wall_segment Palisade Wall x1 |
| 39:00 | 超級無敵海綿體 · wall_segment Stone Wall x9 |
| 39:07 | 超級無敵海綿體 · wall_segment Stone Wall x7 |
| 39:08 | 超級無敵海綿體 · wall_segment Stone Wall x2 |
| 39:32 | 小魚子 · wall_segment Stone Wall x1 |
| 39:51 | 清泉-zdx · first_building Archery Range |
| 39:52 | 小魚子 · wall_segment Stone Wall x8 |
| 40:12 | 超級無敵海綿體 · wall_segment Palisade Wall x11 |
| 40:13 | 超級無敵海綿體 · wall_segment Palisade Wall x8 |
| 40:17 | 小魚子 · wall_segment Stone Wall x11 |
| 40:34 | 超級無敵海綿體 · first_building Castle |
| 41:21 | 小魚子 · wall_segment Stone Wall x13 |
| 41:24 | 超級無敵海綿體 · first_building Barracks |
| 41:40 | 超級無敵海綿體 · wall_segment Palisade Wall x10 |
| 41:40 | 超級無敵海綿體 · wall_segment Palisade Wall x7 |
| 41:52 | wxj9966 · tribute_sent a jugador 1 |
| 41:52 | wxj9966 · tribute_sent a jugador 2 |
| 41:52 | wxj9966 · tribute_sent a jugador 3 |
| 41:52 | wxj9966 · tribute_sent a jugador 4 |
| 41:52 | wxj9966 · tribute_sent a jugador 6 |
| 41:52 | wxj9966 · tribute_sent a jugador 7 |
| 41:52 | wxj9966 · tribute_sent a jugador 8 |
| 42:16 | 超級無敵海綿體 · first_building Archery Range |
| 42:17 | 超級無敵海綿體 · first_building Stable |
| 42:25 | 小魚子 · wall_segment Stone Wall x13 |
| 42:50 | Maiko · wall_segment Palisade Wall x1 |
| 43:08 | 清泉-zdx · first_building Stable |
| 43:34 | 小魚子 · first_building Siege Workshop |
| 43:46 | 超級無敵海綿體 · wall_segment Palisade Wall x9 |
| 43:54 | 小魚子 · wall_segment Stone Wall x8 |
| 44:12 | wxj9966 · tribute_sent a jugador 1 |
| 44:12 | wxj9966 · tribute_sent a jugador 2 |
| 44:12 | wxj9966 · tribute_sent a jugador 3 |
| 44:12 | wxj9966 · tribute_sent a jugador 4 |
| 44:12 | wxj9966 · tribute_sent a jugador 6 |
| 44:12 | wxj9966 · tribute_sent a jugador 7 |
| 44:12 | wxj9966 · tribute_sent a jugador 8 |
| 44:25 | 清泉-zdx · tribute_sent a jugador 1 |
| 44:25 | 清泉-zdx · tribute_sent a jugador 2 |
| 44:25 | 清泉-zdx · tribute_sent a jugador 4 |
| 44:25 | 清泉-zdx · tribute_sent a jugador 5 |
| 44:25 | 清泉-zdx · tribute_sent a jugador 6 |
| 44:25 | 清泉-zdx · tribute_sent a jugador 7 |
| 44:25 | 清泉-zdx · tribute_sent a jugador 8 |
| 44:34 | 清泉-zdx · tribute_sent a jugador 1 |
| 44:34 | 清泉-zdx · tribute_sent a jugador 2 |
| 44:34 | 清泉-zdx · tribute_sent a jugador 4 |
| 44:34 | 清泉-zdx · tribute_sent a jugador 5 |
| 44:34 | 清泉-zdx · tribute_sent a jugador 6 |
| 44:34 | 清泉-zdx · tribute_sent a jugador 7 |
| 44:34 | 清泉-zdx · tribute_sent a jugador 8 |
| 45:14 | 小魚子 · wall_segment Stone Wall x10 |
| 46:40 | wxj9966 · tribute_sent a jugador 1 |
| 46:40 | wxj9966 · tribute_sent a jugador 2 |
| 46:40 | wxj9966 · tribute_sent a jugador 3 |
| 46:40 | wxj9966 · tribute_sent a jugador 4 |
| 46:40 | wxj9966 · tribute_sent a jugador 6 |
| 46:40 | wxj9966 · tribute_sent a jugador 7 |
| 46:40 | wxj9966 · tribute_sent a jugador 8 |
| 46:58 | 清泉-zdx · tribute_sent a jugador 1 |
| 46:58 | 清泉-zdx · tribute_sent a jugador 2 |
| 46:58 | 清泉-zdx · tribute_sent a jugador 4 |
| 46:58 | 清泉-zdx · tribute_sent a jugador 5 |
| 46:58 | 清泉-zdx · tribute_sent a jugador 6 |
| 46:58 | 清泉-zdx · tribute_sent a jugador 7 |
| 46:58 | 清泉-zdx · tribute_sent a jugador 8 |
| 47:05 | 清泉-zdx · tribute_sent a jugador 1 |
| 47:05 | 清泉-zdx · tribute_sent a jugador 2 |
| 47:05 | 清泉-zdx · tribute_sent a jugador 4 |
| 47:05 | 清泉-zdx · tribute_sent a jugador 5 |
| 47:05 | 清泉-zdx · tribute_sent a jugador 6 |
| 47:05 | 清泉-zdx · tribute_sent a jugador 7 |
| 47:05 | 清泉-zdx · tribute_sent a jugador 8 |
| 47:11 | 清泉-zdx · tribute_sent a jugador 1 |
| 47:11 | 清泉-zdx · tribute_sent a jugador 2 |
| 47:11 | 清泉-zdx · tribute_sent a jugador 4 |
| 47:11 | 清泉-zdx · tribute_sent a jugador 5 |
| 47:11 | 清泉-zdx · tribute_sent a jugador 6 |
| 47:11 | 清泉-zdx · tribute_sent a jugador 7 |
| 47:11 | 清泉-zdx · tribute_sent a jugador 8 |
| 48:16 | 小魚子 · wall_segment Stone Wall x22 |
| 48:24 | wxj9966 · wall_segment Stone Wall x1 |
| 49:17 | wxj9966 · first_building Siege Workshop |
| 49:55 | 超級無敵海綿體 · wall_segment Palisade Wall x1 |
| 50:00 | 超級無敵海綿體 · wall_segment Stone Wall x1 |
| 50:02 | 超級無敵海綿體 · wall_segment Stone Wall x1 |
| 50:15 | 小魚子 · wall_segment Stone Wall x26 |
| 50:22 | wxj9966 · tribute_sent a jugador 1 |
| 50:22 | wxj9966 · tribute_sent a jugador 2 |
| 50:22 | wxj9966 · tribute_sent a jugador 3 |
| 50:22 | wxj9966 · tribute_sent a jugador 4 |
| 50:22 | wxj9966 · tribute_sent a jugador 6 |
| 50:22 | wxj9966 · tribute_sent a jugador 7 |
| 50:22 | wxj9966 · tribute_sent a jugador 8 |
| 50:38 | 超級無敵海綿體 · wall_segment Stone Wall x4 |
| 50:42 | 小魚子 · wall_segment Stone Wall x13 |
| 50:42 | 超級無敵海綿體 · wall_segment Stone Wall x1 |
| 50:44 | 超級無敵海綿體 · wall_segment Stone Wall x1 |
| 50:54 | 超級無敵海綿體 · wall_segment Stone Wall x1 |
| 50:57 | 超級無敵海綿體 · wall_segment Stone Wall x1 |
| 51:05 | 超級無敵海綿體 · wall_segment Stone Wall x1 |
| 51:06 | 超級無敵海綿體 · wall_segment Stone Wall x1 |
| 51:09 | 超級無敵海綿體 · wall_segment Stone Wall x1 |
| 51:11 | 超級無敵海綿體 · wall_segment Stone Wall x1 |
| 51:26 | 超級無敵海綿體 · wall_segment Stone Wall x4 |
| 52:03 | 小魚子 · wall_segment Stone Wall x12 |
| 52:48 | 超級無敵海綿體 · wall_segment Stone Wall x5 |
| 52:53 | 超級無敵海綿體 · wall_segment Stone Wall x4 |
| 53:17 | 小魚子 · wall_segment Stone Wall x14 |
| 53:25 | wxj9966 · wall_segment Stone Wall x1 |
| 54:07 | 小魚子 · first_market_sell 500 wood |
| 54:46 | 超級無敵海綿體 · wall_segment Palisade Wall x1 |
| 55:26 | wxj9966 · wall_segment Stone Wall x6 |
| 55:43 | 超級無敵海綿體 · wall_segment Stone Wall x9 |
| 55:56 | 超級無敵海綿體 · wall_segment Stone Wall x1 |
| 55:57 | 超級無敵海綿體 · wall_segment Stone Wall x1 |
| 55:58 | 超級無敵海綿體 · wall_segment Stone Wall x1 |
| 56:14 | Maiko · first_market_buy 500 wood |
| 56:42 | wxj9966 · wall_segment Stone Wall x1 |
| 57:04 | 小魚子 · wall_segment Stone Wall x14 |
| 57:32 | wxj9966 · tribute_sent a jugador 1 |
| 57:32 | wxj9966 · tribute_sent a jugador 2 |
| 57:32 | wxj9966 · tribute_sent a jugador 3 |
| 57:32 | wxj9966 · tribute_sent a jugador 4 |
| 57:32 | wxj9966 · tribute_sent a jugador 6 |
| 57:32 | wxj9966 · tribute_sent a jugador 7 |
| 57:32 | wxj9966 · tribute_sent a jugador 8 |
| 57:39 | 超級無敵海綿體 · wall_segment Stone Wall x1 |
| 57:40 | 超級無敵海綿體 · wall_segment Stone Wall x4 |
| 57:54 | 超級無敵海綿體 · wall_segment Stone Wall x1 |
| 58:16 | 超級無敵海綿體 · wall_segment Stone Wall x1 |
| 59:14 | 小魚子 · wall_segment Stone Wall x13 |
| 60:24 | 超級無敵海綿體 · wall_segment Stone Wall x2 |
| 60:25 | 超級無敵海綿體 · wall_segment Stone Wall x5 |
| 60:38 | 小魚子 · wall_segment Stone Wall x21 |
| 63:02 | 超級無敵海綿體 · wall_segment Stone Wall x1 |
| 63:04 | 超級無敵海綿體 · wall_segment Stone Wall x6 |
| 63:07 | 超級無敵海綿體 · wall_segment Stone Wall x4 |
| 85:44 | · resign |
[ AI ANALYSIS · 1 CREDIT ]
What really happened in this match?
Wolo.gg analyzes every decision: build order, eco, micro, common mistakes by bracket. Personalized analysis on WhatsApp or Discord in 30 seconds.
Civ guide
Persians
Perfil
Jugador #3080146